Cogmind - Beta 13 @@@ ROGUE MODE // 2024.04.18 @ 20:23:39 Player: Exceptionally Mediocre Result: Destroyed by as-47446 with Assembled Blade Performance ------------- Evolutions (0) 0 Regions Visited (2) 400 Robots Destroyed (25) 125 Value Destroyed (415) 415 Prototype IDs (0) 0 Alien Tech Used (0) 0 Bonus (39) 39 TOTAL SCORE: 979 Bonus ------- Follower Combat Kills 39 Cogmind --------- Core Integrity 0/250 Matter 232/300 Energy 151/160 System Corruption 2% Temperature Warm (162) Movement Core (600) Ox11 Location -10/Mines Parts ------- > --- POWER (1) -------- Light Nuclear Core > --- PROPULSION (2) --- (None) > --- UTILITY (2) ------ Large Storage Unit Structural Scanner > --- WEAPON (2) ------- Beamcaster Light Cannon > --- INVENTORY (15) --- Light Angular Momentum Engine Fission Core Light Treads Wheel Combat Airjet Signal Interpreter Core Shielding Propulsion Shielding Utility Shielding Light Armor Plating Particle Gun Assault Rifle Light Assault Rifle Bore Cannon Peak State ------------ > --- POWER ------------ Light Nuclear Core > --- PROPULSION ------- Wheel Wheel > --- UTILITY ---------- Large Storage Unit Structural Scanner > --- WEAPON ----------- Beamcaster Light Cannon > --- INVENTORY -------- Light Angular Momentum Engine Fission Core Light Treads Wheel Combat Airjet Signal Interpreter Core Shielding Propulsion Shielding Utility Shielding Light Armor Plating Particle Gun Assault Rifle Light Assault Rifle Bore Cannon [Rating: 16] Favorites ----------- Power Light Ion Engine Engine Light Ion Engine Power Core Light Nuclear Core Propulsion Light Treads Treads Light Treads Wheel Wheel Utility Large Storage Unit Device Improved Terrain Scanner Storage Large Storage Unit Protection Light Armor Plating Weapon Medium Laser Energy Gun Medium Laser Ballistic Gun Assault Rifle Ballistic Cannon Light Cannon Build | -11 -10 -10 ------- Run | Yrd Mat Min Slots Evolved . | . . . Power . | . . . Propulsion . | . . . Utility . | . . . Weapon . | . . . Parts Attached 34 | 8 13 13 Power 7 | 1 4 2 Engine 6 | 1 4 1 Core 1 | . . 1 Reactor . | . . . Propulsion 6 | 2 1 3 Treads 4 | 2 1 1 Leg . | . . . Wheel 2 | . . 2 Hover . | . . . Flight . | . . . Utility 10 | 2 2 6 Device 4 | 1 . 3 Storage 2 | 1 1 . Processor . | . . . Hackware . | . . . Protection 4 | . 1 3 Artifact . | . . . Weapon 11 | 3 6 2 Energy Gun 6 | 3 2 1 Energy Cannon . | . . . Ballistic Gun 3 | . 3 . Ballistic Cannon 2 | . 1 1 Launcher . | . . . Special Weapon . | . . . Impact Weapon . | . . . Slashing Weapon . | . . . Piercing Weapon . | . . . Special Melee Weapon . | . . . Unidentified Prototypes . | . . . Parts Lost 7 | . . 7 Power . | . . . Propulsion 4 | . . 4 Utility 1 | . . 1 Weapon 2 | . . 2 Highest Loss Streak 3 | . . 3 To Critical Strikes . | . . . Average Slot Usage (%) 99 | . 100 99 Engine 13 | . 14 12 Treads 26 | . 28 25 Wheel 1 | . . 2 Device 10 | . 10 11 Storage 14 | . 14 14 Protection 2 | . 3 2 Energy Gun 15 | . 16 14 Ballistic Gun 8 | . 9 8 Ballistic Cannon 3 | . 2 5 Naked Turns . | . . . Heaviest Build 33 | 11 33 33 Greatest Support 40 | 40 40 40 Greatest Overweight (x) 1 | . . 1 Average Overweight (x) . | . . . Largest Inventory Capacity 15 | 8 15 15 Average Capacity 12 | 7 11 15 Most Carried 15 | 8 15 15 Average Carried 11 | 2 10 14 Final Capacity 15 | 8 15 15 Final Carried 15 | 8 15 14 Class Distribution -------------------- 97% | Mutant Dominant Class ---------------- Mutant | -10/Materials Mutant | -10/Mines Resources | -11 -10 -10 ----------- Run | Yrd Mat Min Matter Collected 774 | 280 332 162 Remotely . | . . . Salvage Created 841 | 151 579 111 Parts 53 | 10 38 5 Haulers Intercepted 1 | . 1 . Recyclers Shooed 2 | 2 . . Parts Field Recycled . | . . . Retrieved Matter . | . . . Parts Self-Destructed . | . . . Prevented . | . . . Kills | -11 -10 -10 ------- Run | Yrd Mat Min Combat Hostiles Destroyed 18 | . 11 7 Guns 14 | . 11 3 Cannons 4 | . . 4 Classes Destroyed 10 | 3 5 2 Worker 2 | 1 1 . Builder 2 | . 1 1 Tunneler 3 | 2 . 1 Hauler 1 | . 1 . Recycler 3 | 1 2 . Watcher 2 | . 2 . Swarmer 5 | . 5 . Grunt 6 | . 6 . Demolisher 1 | . . 1 Assembled 6 | . . 6 Best Kill Streak 3 | 2 3 2 Combat Bots Only 3 | . 3 2 Max Kills in Single Turn 1 | 1 1 1 Gunslinging . | . . . Exploded . | . . . Melee . | . . . Uniques/NPCs Destroyed . | . . . Combat | -11 -10 -10 -------- Run | Yrd Mat Min Hostile Shots Fired 106 | . 74 32 Missed 20 | . 16 4 Damage Taken 1330 | . 607 723 Core 260 | . 157 103 Absorbed by Shields . | . . . Core Remaining (%) 100 | 100 . . Volleys Fired 102 | 13 60 29 Largest 2 | 2 2 2 Hottest 110 | 80 85 110 Shots Fired 204 | 26 121 57 Gun 176 | 26 118 32 Cannon 28 | . 3 25 Launcher . | . . . Special . | . . . Kinetic 92 | . 63 29 Thermal 112 | 26 58 28 Explosive . | . . . Electromagnetic . | . . . Robot Hit Streak 9 | 7 9 7 Robot Miss Streak 6 | 2 6 4 Penetration Max . | . . . Secondary Targets 1 | . . 1 Max Gunslinging Chain 1 | . . 1 Shots Hit Robots 109 | 17 64 28 Core Hits 51 | 5 30 16 Critical Kills 1 | . 1 . Critical Parts Destroyed 1 | . 1 . Critical Strikes 7 | . 5 2 Burn 4 | . 3 1 Destroy 3 | . 2 1 Melee Attacks . | . . . Impact . | . . . Slashing . | . . . Piercing . | . . . Sneak Attacks . | . . . Combat Hostiles . | . . . Follow-up Attacks . | . . . Damage Inflicted 1386 | 192 756 438 Guns 1132 | 192 726 214 Cannons 254 | . 30 224 Explosions . | . . . Melee . | . . . Ramming . | . . . Kinetic 669 | . 432 237 Thermal 717 | 192 324 201 Explosive . | . . . Electromagnetic . | . . . Impact . | . . . Slashing . | . . . Piercing . | . . . Highest Corruption 2 | . 2 2 Average Corruption 2 | . 2 2 Corruption Purged . | . . . Corruption Blocked . | . . . Effects 28 | . 17 11 Message Errors 7 | . 3 4 Matter Fused 8 | . 5 3 Heat Flow Errors 1 | . 1 . Energy Discharges 5 | . 4 1 Parts Rejected 2 | . . 2 Data Loss (minor) 1 | . 1 . Data Loss (major) 3 | . 2 1 Misfires 1 | . 1 . Overload Shots . | . . . Overflow Damage . | . . . Projectiles . | . . . Explosions . | . . . Melee . | . . . Knockbacks 2 | . . 2 Impact . | . . . Kinetic 2 | . . 2 Secondary . | . . . Self-Inflicted Damage . | . . . Shots . | . . . Rammed . | . . . Targets Rammed . | . . . Kicked . | . . . Crushed . | . . . Highest Temperature 282 | 54 226 282 Average Temperature 51 | 26 38 75 Received Heat Transfer 446 | . 246 200 Siege Activations . | . . . Robots Corrupted . | . . . Combat Hostiles . | . . . Parts Fried . | . . . Impact Corruptions . | . . . Robots Melted . | . . . Combat Hostiles . | . . . Parts Melted 3 | 1 2 . Heat Transferred 2096 | 425 1042 629 Parts Sabotaged . | . . . Parts Stolen . | . . . Parts Stripped . | . . . Power Chain Reactions . | . . . Alert | -11 -10 -10 ------- Run | Yrd Mat Min Peak Influence 279 | 20 279 57 Initial 52 | . 13 52 Average 88 | 7 147 27 Maximum Alert Level 1 | . 1 . Low Security (%) 75 | 100 51 100 Level 1 24 | . 48 . Level 2 . | . . . Level 3 . | . . . Level 4 . | . . . Level 5 . | . . . High Security . | . . . Max Security . | . . . Squads Dispatched 2 | . 2 . Investigation 2 | . 2 . Extermination . | . . . Reinforcement . | . . . Assault . | . . . Garrison . | . . . Intercept . | . . . Searches Triggered . | . . . Construction Impeded . | . . . Haulers Reinforced . | . . . Active Scanning Responses . | . . . Cargo Convoy Interrupts . | . . . Stealth | -11 -10 -10 --------- Run | Yrd Mat Min Distress Signals . | . . . Communications Jammed . | . . . Distress Signals . | . . . Times Spotted 35 | . 21 14 Peak Tracking Total 3 | . 3 2 Tactical Retreats 3 | . 3 . Traps | -11 -10 -10 ------- Run | Yrd Mat Min Traps Triggered 2 | . 2 . Indirectly . | . . . Trap Hack Attempts . | . . . Triggered . | . . . Disarmed . | . . . Reprogrammed . | . . . Reused . | . . . Traps Extracted . | . . . Installed . | . . . Triggered . | . . . Machines | -11 -10 -10 ---------- Run | Yrd Mat Min Machines Disabled 1 | . . 1 Max in Single Turn 1 | . . 1 Machines Repaired . | . . . Machines Dismantled . | . . . Machines Sabotaged . | . . . Overloaded Fab Kills . | . . . Hacking | -11 -10 -10 --------- Run | Yrd Mat Min Machines Accessed 6 | . 6 . Terminals 5 | . 5 . Fabricators . | . . . Repair Stations . | . . . Recycling Units 1 | . 1 . Scanalyzers . | . . . Garrison Access . | . . . Total Hacks 9 | . 9 . Successful 4 | . 4 . Failed 5 | . 5 . Catastrophic . | . . . Database Lockouts . | . . . Manual 8 | . 8 . Terminals 8 | . 8 . Fabricators . | . . . Repair Stations . | . . . Recycling Units 1 | . 1 . Scanalyzers . | . . . Garrison Access . | . . . Terminal Hacks . | . . . Fabricator Hacks . | . . . Repair Station Hacks . | . . . Recycling Unit Hacks 1 | . 1 . Retrieve Components 1 | . 1 . Scanalyzer . | . . . Garrison Access Hacks . | . . . Unauthorized Hacks 3 | . 3 . Terminals 3 | . 3 . Botnet 3 | . 3 . Fabricators . | . . . Repair Stations . | . . . Recycling Units . | . . . Scanalyzers . | . . . Garrison Access . | . . . Data Cores Recovered . | . . . Used . | . . . Hacking Detections 4 | . 4 . Full Trace Events 1 | . 1 . Feedback Events . | . . . Feedback Blocked . | . . . Robot Schematics Acquired . | . . . Robots Built . | . . . Authchips . | . . . Time . | . . . Total Robot Build Rating . | . . . Part Schematics Acquired . | . . . Parts Built . | . . . Authchips . | . . . Time . | . . . Total Part Build Rating . | . . . Parts Repaired . | . . . Time . | . . . Parts Recycled . | . . . Recycled Matter . | . . . Retrieved Matter . | . . . Retrieved Components 10 | . 10 . Parts Scanalyzed . | . . . Part Schematics Acquired . | . . . Parts Damaged . | . . . Bothacking | -11 -10 -10 ------------ Run | Yrd Mat Min Used RIF Installer . | . . . Robots Hacked . | . . . Non-combat . | . . . Combat . | . . . Robot Hacks Applied . | . . . Relay Couplers Released . | . . . Fabnet Peak Effective % . | . . . Robots Rewired . | . . . Allies Hacked . | . . . Hacks Repelled . | . . . Allies | -11 -10 -10 -------- Run | Yrd Mat Min Total Allies 5 | . . 5 Largest Group 5 | . . 5 Highest-Rated Group 87 | . . 87 Highest-Rated Ally 31 | . . 31 Total Orders . | . . . Ally Attacks 23 | . . 23 Total Damage 239 | . . 239 Kills 7 | . . 7 Allies Corrupted . | . . . Allies Melted . | . . . Intel | -11 -10 -10 ------- Run | Yrd Mat Min Robot Analysis Total . | . . . Derelict Logs Recovered 1 | . . 1 Drone Launches . | . . . Drone Recoveries . | . . . Exploration | -11 -10 -10 ------------- Run | Yrd Mat Min Turns Passed 2401 | 178 1234 989 Spaces Moved 1249 | 76 622 551 Core 2 | 2 . . Treads 1224 | 74 622 528 Legs . | . . . Wheels 23 | . . 23 Hover . | . . . Flight . | . . . Fastest Speed 50 | 50 160 95 Average Speed 158 | 157 160 157 Slowest Speed 160 | 160 160 160 Overloaded Moves . | . . . Propulsion Burnouts . | . . . Robots Hopped . | . . . Cave-ins Triggered . | . . . Exploration Rate (%) 62 | 5 84 97 Regions Visited 2 Branch Regions 1 Pre-discovered Areas . | . . . Known Exits Taken . | . . . Unknown Exits Taken 2 | 1 1 . Scrap Searched 1 | . . 1 Spaces Dug . | . . . Terrain Destroyed . | . . . Melee . | . . . Projectile . | . . . AOE . | . . . Terrain Rammed . | . . . Walls Destroyed . | . . . Machines Disabled . | . . . Actions | -11 -10 -10 --------- Run | Yrd Mat Min Total 1473 | 105 747 621 Wait 27 | . 22 5 Move 1247 | 75 621 551 Hop . | . . . Pick Up 37 | 9 15 13 Fast Attach 11 | 6 3 2 Attach 7 | 1 . 6 Detach 1 | . . 1 Swap 16 | 1 10 5 Drop 25 | . 16 9 Fire 102 | 13 60 29 Melee . | . . . Ram . | . . . Kick . | . . . Crush . | . . . Escape Stasis . | . . . Rewire . | . . . Trap . | . . . Miscellaneous . | . . . Route ------- -11/Scrapyard -10/Materials (discovered 3 exits: *Mat x2 / [*Min]) -10/Mines (discovered 2 exits: *Mat x2) History --------- Turn | Location | Event 6 | -11/Scrapyard | Discovered new exit (range 16) 179 | -11/Scrapyard | Entered Materials 328 | -10/Materials | Build established: Mutant 364 | -10/Materials | Discovered new exit (range 16) 444 | -10/Materials | Discovered new exit (range 16) 932 | -10/Materials | Discovered new exit (range 5) 1044 | -10/Materials | Core integrity fell below 50% 1413 | -10/Materials | Entered Mines 1439 | -10/Mines | Identified exit to Materials 1795 | -10/Mines | Discovered exit to Materials (range 5) 1842 | -10/Mines | Assisted by bots powering up and referring to "LRC-V3" 1948 | -10/Mines | Assembled infested the area 1953 | -10/Mines | Assisted by a Guerilla fighting off Assembled 1990 | -10/Mines | Core integrity fell below 20% 2020 | -10/Mines | Lost 4 allies 2402 | -10/Mines | Destroyed by as-47446 with Assembled Blade Last Messages --------------- 02338_ as-38846 suffers critical hit (Burn). 02342_ System corrupted: Substantial component data lost. 02344_ Destroyed Asb. F-torch. 02344_ as-38846 destroyed. 02350_ Acquired 4 matter. 02352_ Acquired 3 matter. 02353_ Acquired 2 matter. 02354_ Acquired 4 matter. 02361_ Acquired 16 matter. 02363_ Acquired Wheel. 02367_ as-87559 knocked back. 02370_ as-87559 destroyed. 02378_ Med. Laser destroyed. 02379_ Matter Pump disabled. 02388_ as-85028 destroyed. 02391_ System corrupted: Structural Scanner rejected. 02391_ Acquired Structural Scanner. 02402_ Wheel destroyed. Map ----- +----------------------------------------------------+ | | | ?????????????????######??????????????????? | | ?????###################?????????????????? | | ?????############## ####????????????##### | | ?????## ####???????????##### | | ?????## ####??????????## | | ?????##[!######### #####????????## ## | | ?????##% ######### ############## ## | | ?????## !########## " ############ ## | | ?????##* ######## #### ## | | ?????## ######## # | | ?????## ####?### # | | ?????## ###??### # | | ?????#### ####### ## | | ?????##### ####### #### | | ???????#### #### ##### | | ????????#### ##### ###?? | | ?????????#### ####*###### ##### | | ??????????########## ##?#### ###### | | ???????????######### ##??#### ###### | | ??????#####???###### ##???#### ###### | | ?????########?## ##????#### #####?## | | ????#### ###### #####?????### ####??### | | ???#### ##### #####??????##!##?####### | | ???### #### ###????????## ########## | | ???## @###????????##%##### ### | | ???## a ##????????## #### | | ???## %%##??????####%### | | ???## ## ########## = | | ???### #### *% ########## | | ???#### ####=%! %### ###!##### | | ????### ##### =##*###### ### | | ???### ###### % ! % ##?######### | | ???## ####### %"% *#####??######## | | ???## ###### %%"" % #####???????### | | ???########## %"" ##?????????### | | ???##### = ##?#####???## | | ?????#### # = % ##########??### | | ????#### # % ######## ###???## | | ????## ### % ######## ##???## | | ???#### %###% ####### ##???## | | ???### = ### ######## ###???## | | ???## !%% #####??## """ ####??## | | ???## %| ###???### """ ####### | | ???### % ###???#### """ ###### | | ???#### ## ############ """*%= | | ????### ###%# ########## !%=! | | ?????### ###%####### ## ##### ### | | ?????### ###%###### ####### #### | | ?????### % %% #############? | +----------------------------------------------------+ Best States ------------- Heat Dissipation 25 Energy Generation 14 Energy Capacity 250 Matter Stores 300 Matter Capacity 300 Sight Range 16 Terrain Scan Range 16 Terrain Scan Density 10 Armor Coverage 150 Evasion (%) 40 Recoil Reduction 2 Item Schematics ----------------- None Robot Schematics ------------------ None Fabricated ------------ Nothing Alien Tech Used ----------------- None Achievements -------------- None Challenges ------------ None Game ------ Seed SupersonicDeuteriumMultirail Manual? 0 Play Time 00:19:56 Cumulative 77.3 hours Start 2024.04.18 @ 19:24:53 End 2024.04.18 @ 20:23:39 Sessions 1 Manual Loads 0 Difficulty Rogue Special Mode None Game No. 94 Rogue 94 Adventurer 0 Explorer 0 Win Type - Total 0 Types 0/0/0/0/0/0/0/0/0 Lore% 19 Gallery% 45 Achievement% 30 Wizard Run 0 Options --------- Layout 1 ASCII 0 Keyboard 1 Movement Vi Keybinds 0 Fullscreen 1 Font 24/Smallcaps Map View 50x35 Zoom Use 0% Tactical HUD 1 Map Filters NONE Filters NONE Steam 1 RUN: 08d11ada-fbcc-4d47-85c4-4cf3deadc3cb